 Dungeon Crawl Stone Soup version 0.30.0-5-g1a98f26d00 (webtiles) character file.

Game seed: 16602060811169921371

216149 backslashecho the Unseen (level 19, -8/125 HPs)
             Began as a Kobold Brigand on May 8, 2023.
             Was the Champion of Dithmenos.
             Killed from afar by Jorgrun (48 damage)
             ... with an iron shot
             ... on level 3 of the Swamp on May 9, 2023.
             The game lasted 03:01:30 (39277 turns).

backslashecho the Unseen (Kobold Brigand)          Turns: 39277, Time: 03:01:31

Health: -8/125     AC: 12    Str: 11    XL:     19   Next: 78%
Magic:  37/37      EV: 18    Int: 21    God:    Dithmenos [******]
Gold:   2828       SH:  8    Dex: 24    Spells: 9/30 levels left

rFire   . . .        b - +1 dagger (pain)
rCold   . . .        A - +0 buckler
rNeg    . . .        N - +0 leather armour "Leippaiff" {rCorr Int+4}
rPois   +            Y - +0 helmet
rElec   .            u - scarf {shadows}
rCorr   +            c - +2 pair of gloves {Stlth+}
SInv    .            L - +0 pair of boots
Will    ++...        k - amulet "Supneerph" {Regen+ Str+3 Int+2} Stlth *******+++
                     K - ring "Fukh" {Fly Will+ MP+9 Dex+2}
HPRegen 1.20/turn    S - ring "Luask" {rPois AC+4}
MPRegen 0.25/turn

%: no passive effects
@: grasped by roots, flying, wreathed by umbra, constricted
A: small, no large weapons, nightstalker 3
}: 1/15 runes: serpentine
a: Renounce Religion, Shadow Step, Shadow Form


You were on level 3 of the Swamp.
You worshipped Dithmenos.
Dithmenos was exalted by your worship.
You visited 6 branches of the dungeon, and saw 30 of its levels.
You also visited: Sewer and Ice Cave.

You collected 4361 gold pieces.
You spent 1533 gold pieces at shops.

Inventory:

Hand Weapons
 a - a +3 rapier of electrocution
 b - a +1 dagger of pain (weapon)
 e - a +0 short sword of holy wrath
Missiles
 d - 57 poisoned darts (quivered)
Armour
 c - a +2 pair of gloves of stealth (worn)
 o - a scarf of invisibility
 q - a scarf of resistance
 u - a scarf of shadows (worn)
 y - +0 steam dragon scales
 A - a +0 buckler (worn)
 L - a +0 pair of boots (worn)
 N - the +0 leather armour "Leippaiff" (worn) {rCorr Int+4}
   (You bought it in a shop on level 7 of the Dungeon)

   Int:       It affects your intelligence (+4).
   rCorr:     It protects you from acid and corrosion.
 Y - a +0 helmet (worn)
Jewellery
 k - the amulet "Supneerph" (around neck) {Regen+ Str+3 Int+2}
   (You found it on level 3 of the Lair of Beasts)

   [amulet of regeneration]

   Str:       It affects your strength (+3).
   Int:       It affects your intelligence (+2).
   Regen:     It increases your rate of health regeneration.
 l - a ring of willpower
 K - the ring "Fukh" (left hand) {Fly Will+ MP+9 Dex+2}
   (You bought it in a shop on level 2 of the Orcish Mines)

   [ring of flight]

   Dex:       It affects your dexterity (+2).
   MP:        It affects your magic capacity (+9).
   Fly:       It grants you flight.
   Will:      It increases your willpower.
 R - a +4 ring of slaying
 S - the ring "Luask" (right hand) {rPois AC+4}
   (You found it on level 9 of the Dungeon)

   [ring of protection]

   AC:        It affects your AC (+4).
   rPois:     It protects you from poison.
Wands
 n - a wand of iceblast (44)
 D - a wand of digging (25)
 H - a wand of mindburst (22)
 P - a wand of flame (35)
 T - a wand of charming (16)
Scrolls
 p - 8 scrolls of blinking
 r - a scroll of brand weapon
 t - 2 scrolls of identify
 z - 6 scrolls of vulnerability
 F - 6 scrolls of teleportation
 G - 5 scrolls of magic mapping
 Q - 3 scrolls of fog
Potions
 f - 2 potions of berserk rage
 g - 6 potions of ambrosia
 i - 8 potions of heal wounds
 j - 4 potions of attraction
 m - 2 potions of lignification
 s - 12 potions of curing
 v - a potion of resistance
 w - 6 potions of might
 x - 6 potions of mutation
 B - 8 potions of flight
 C - 5 potions of brilliance
 E - 2 potions of magic
 I - a potion of invisibility
 W - 2 potions of haste
Miscellaneous
 h - a condenser vane
 U - a lightning rod (2/4)
 Z - a phial of floods


   Skills:
 - Level 16.0 Fighting
 - Level 14.0 Short Blades
 - Level 2.7 Ranged Weapons
 - Level 6.0 Throwing
 - Level 9.0 Dodging
 + Level 19.4 Stealth
 - Level 9.0 Shields
 - Level 6.0 Spellcasting
 * Level 7.4 Hexes
 - Level 10.4 Necromancy
 - Level 3.0 Translocations
 - Level 3.0 Transmutations
 - Level 6.0 Ice Magic
 - Level 5.0 Air Magic
 - Level 3.0 Earth Magic
 - Level 12.0 Invocations
 - Level 15.0 Evocations


You had 9 spell levels left.
You knew the following spells:

 Your Spells              Type           Power      Damage    Failure   Level
a - Swiftness             Air            27%        N/A       6%          3
b - Blink                 Tloc           36%        N/A       8%          2
c - Ozocubu's Armour      Ice            31%        N/A       4%          3
d - Frozen Ramparts       Ice            62%        1d10      4%          3
e - Anguish               Hex/Necr       21%        N/A       4%          4
f - Cause Fear            Hex            18%        N/A       9%          4
x - Passwall              Tmut/Erth      15%        N/A       8%          2

Your spell library contained the following spells:

 Spells                   Type           Power      Damage    Failure   Level
 Freeze                   Ice            100%       1d10      1%          1
 Kiss of Death            Conj/Necr      100%       2d13      1%          1
 Necrotise                Necr           100%       1d9       1%          1
 Cigotuvi's Dreadful Rot  Necr/Pois/Air  54%        N/A       3%          2
 Apportation              Tloc           36%        N/A       4%          1
 Sandblast                Erth           36%        2d10      4%          1
 Shock                    Conj/Air       64%        1d7       6%          1
 Static Discharge         Conj/Air       32%        2-4/arc   9%          2
 Hailstorm                Conj/Ice       18%        3d6       14%         3
 Foxfire                  Conj/Fire      24%        2x1d5     17%         1
 Summon Small Mammal      Summ           24%        N/A       17%         1
 Airstrike                Air            13%        2d(2-18)  22%         4
 Scorch                   Fire           12%        2d6       26%         2
 Stone Arrow              Conj/Erth      24%        3d8       26%         3
 Ice Form                 Ice/Tmut       25%        N/A       26%         4
 Metabolic Englaciation   Hex/Ice        17%        N/A       30%         5
 Death Channel            Necr           25%        N/A       36%         6
 Manifold Assault         Tloc           18%        N/A       43%         4
 Summon Lightning Spire   Summ/Air       16%        N/A       52%         4
 Simulacrum               Ice/Necr       20%        N/A       65%         6
 Summon Mana Viper        Hex/Summ       21%        N/A       71%         5
 Flame Wave               Conj/Fire      6%         2d5       86%         4
 Summon Forest            Summ/Tloc      6%         N/A       94%         5
 Fireball                 Conj/Fire      3%         3d4       99%         5
 Plasma Beam              Fire/Air       8%         2x1d20    100%        6
 Starburst                Conj/Fire      3%         6d3       100%        6
 Summon Cactus Giant      Summ           3%         N/A       100%        6
 Enfeeble                 Hex            18%        N/A       100%        7
 Storm Form               Tmut/Air       11%        N/A       100%        7


Dungeon Overview and Level Annotations

Branches:
Dungeon (15/15)            Temple (1/1) D:5            Lair (5/5) D:9
  Swamp (3/4) Lair:2        Snake (4/4) Lair:2        Slime (0/5) Lair:4
    Orc (2/2) D:11            Elf (0/3) Orc:2        Vaults (0/5) D:13
 Depths (0/4) D:15          Sewer (visited)           IceCv (visited)

Altars:
Ashenzari
Cheibriados
Dithmenos
Elyvilon
Fedhas
Gozag
Hepliaklqana
Kikubaaqudgha
Makhleb
Nemelex Xobeh
Okawaru
Qazlal
Ru
Sif Muna
Trog
Uskayaw
Vehumet
Wu Jian
Xom
Yredelemnul
Zin
The Shining One
Jiyva

Shops:
D:6 *   D:7 *   D:9 [   D:13 (=   D:15 *   Orc:2 =:*(

Annotations:
D:13 1 exclusion, Azrael
Lair:1 3 runed translucent doors, mnelsen79's ghost, journeyman MiBe
Lair:3 1 exclusion
Lair:4 1 runed translucent door, Hiywul's ghost, journeyman MiHu
Swamp:3 Jorgrun
Snake:2 3 runed translucent doors


Innate Abilities, Weirdness & Mutations

You are small and have problems with some larger weapons.
You are completely attuned to the shadows.


Message History

Jorgrun misses you.
You barely miss Jorgrun.
Jorgrun is moderately wounded.
Your shadow hits Jorgrun with a dagger.
A shambling mangrove comes into view.
You hit Jorgrun.
Jorgrun writhes in agony.
Jorgrun is moderately wounded.
You hit Jorgrun but do no damage.
Jorgrun writhes in agony.
Jorgrun is moderately wounded.
Jorgrun closely misses you.
You hit Jorgrun but do no damage.
Jorgrun writhes in agony.
Jorgrun is heavily wounded.
You closely miss Jorgrun.
Jorgrun is heavily wounded.
Jorgrun hits you but does no damage. Jorgrun shatters you.
You take 1 damage, and have 124/125 hp.
You miss Jorgrun.
Jorgrun is heavily wounded.
Your shadow misses Jorgrun. You hit Jorgrun but do no damage.
Jorgrun writhes in agony.
Jorgrun is heavily wounded.
Your shadow misses Jorgrun.
Health restored: 125 You hit Jorgrun.
Jorgrun writhes in agony.
Jorgrun is heavily wounded.
Roots burst forth from the earth!
The grasping roots grab you! The grasping roots constrict you!
Jorgrun hits you with a staff of earth! Jorgrun shatters you!
You take 38 damage, and have 87/125 hp.
MASSIVE DAMAGE!!
You hit Jorgrun but do no damage.
Jorgrun writhes in agony!
Jorgrun is severely wounded.
You hit Jorgrun but do no damage.
Jorgrun writhes in agony.
Jorgrun is severely wounded.
The grasping roots constrict you!!
You take 20 damage, and have 67/125 hp.
You hit Jorgrun but do no damage.
Jorgrun writhes in agony.
Jorgrun is severely wounded.
Your shadow hits Jorgrun with a dagger. Jorgrun casts a spell at you.
You block the iron shot.
You hit Jorgrun.
Jorgrun writhes in agony.
Jorgrun is almost dead.
Jorgrun is no longer moving slowly.
You hit Jorgrun but do no damage.
Jorgrun writhes in agony!
Jorgrun is almost dead.
The shambling mangrove hits you!! The grasping roots constrict you!
Jorgrun points at you and mumbles some strange words.
The iron shot hits you!!!
You die...

♣♣^♣♣♣.♣.†♣
♣♣.~♣.♣.♣♣♣ >..~~~.♣♣
~~~~~~~~♣♣ ~.~.....~♣♣
♣♣♣♣ ..§~§..~~~♣♣ ♣..♣
~~ .~~~~..~~<.♣♣♣
♣..##..
~~..~♣..~~...♣♣♣....~.
~~~~~~♣.~~~~~~~~@#...~
.~...♣♣♣~~~~~.~.fg..~w
~~~♣.~♣♣♣~~[..~...(.~.
.~.~~~~♣♣..~~~...#....
.~♣.♣.♣♣♣♣.~~~........
♣~~.♣ ♣~~~~~~.#....
♣♣~.♣ .♣~~~....##.#
♣♣..♣♣ ..♣..~.....
♣.♣.~♣ ♣$~.~~~♣~..


You could see Jorgrun (very poisoned) and a shambling mangrove.

Vanquished Creatures
  Vashnia (Snake:3)
  Saint Roka (Snake:4)
  Nikola (Snake:4)
  2 nagarajas (Snake:4)
  A fenstrider witch (Swamp:3)
  Aizul (Snake:3)
  An orc warlord (Orc:1)
  2 eleionomae
  2 bunyips
  Josephine (D:13)
  A yaktaur captain (D:13)
  A great orb of eyes (D:15)
  A salamander tyrant (Snake:4)
  2 rakshasas (D:15)
  2 ghost crabs
  10 hydras
  3 centaur warriors
  3 catoblepae (Lair:5)
  21 anacondas
  2 ogre magi (Orc:2)
  2 ironbound frosthearts (IceCv)
  11 naga warriors
  11 two-headed ogres
  6 alligators
  3 boulder beetles
  10 death yaks
  10 naga sharpshooters
  2 spriggans (Swamp:3)
  Sonja (Lair:2)
  12 shock serpents
  Amaemon (D:10)
  Lodul (D:13)
  4 salamander mystics (Snake:4)
  4 goliath frogs
  2 spriggan druids (Swamp:2)
  2 deep trolls (Orc:2)
  A goliath frog (shapeshifter) (D:15)
  A swamp dragon (Swamp:3)
  3 orc knights
  A deep elf pyromancer (D:15)
  6 bog bodies
  9 naga ritualists
  Pikel (D:7)
  15 mana vipers
  3 lindwurms (Snake:4)
  9 ugly things
  4 will-o-the-wisps
  6 manticores
  12 salamanders
  10 cyclopes
  4 orc sorcerers
  An oklob plant (Snake:1)
  18 elephants
  42 black mambas
  5 guardian serpents
  An ice statue (IceCv)
  16 naga magi
  Joseph (D:7)
  A torpor snail (Lair:3)
  6 cane toads
  A gargoyle (D:11)
  An orange demon (D:10)
  9 komodo dragons
  2 rime drakes
  A yaktaur (D:13)
  2 efreet
  2 tengu conjurers
  A bloated husk (Swamp:3)
  15 polar bears
  4 hornets
  7 tyrant leeches
  A troll (shapeshifter) (D:13)
  14 trolls
  3 meliai (D:15)
  21 blink frogs
  15 dream sheep
  10 slime creatures
  A shadow (D:11)
  Sigmund (D:4)
  A vampire (D:14)
  5 wraiths
  5 basilisks
  Grum (D:9)
  3 wyverns
  56 yaks
  A fire elemental (D:13)
  10 vampire mosquitoes
  5 steam dragons
  6 wargs
  9 swamp worms
  2 acid dragons
  37 nagas
  17 water moccasins
  A swamp drake (Swamp:2)
  3 black bears
  11 orc warriors
  3 sky beasts (D:7)
  4 ice beasts
  30 ogres
  39 wolves
  9 centaurs
  2 phantoms
  3 kobold brigands
  10 bullfrogs
  2 gnoll sergeants
  7 scorpions
  7 wights
  6 killer bees
  5 howler monkeys
  4 lava snakes
  10 orc priests
  3 hounds
  3 jellies
  2 gnoll boudas
  A sleepcap (D:6)
  Ijyb (D:3)
  18 orc wizards
  A mummy (D:4)
  21 gnolls
  3 adders
  2 river rats (D:5)
  3 shadow imps
  2 white imps
  3 worms
  5 dart slugs
  91 orcs
  7 ball pythons
  8 bats
  3 endoplasms
  3 giant cockroaches
  8 goblins
  8 hobgoblins
  3 jackals (Sewer)
  3 quokkas
  6 frilled lizards
  2 hobgoblin zombies (D:4)
  23 kobolds
  2 orc zombies (D:4)
  8 rats
985 creatures vanquished.

Vanquished Creatures (collateral kills)
  Mara (Snake:3)
1 creature vanquished.

Vanquished Creatures (others)
  A salamander tyrant (Snake:4)
  An alligator (Swamp:1)
  A goliath frog (Swamp:1)
  A spriggan (Swamp:3)
  A swamp drake (Swamp:3)
  16 foxfires
21 creatures vanquished.

Grand Total: 1007 creatures vanquished

Notes
Turn   | Place    | Note
-------+----------+-------------------------------------------
     0 | D:1      | backslashecho the Kobold Brigand began the quest for the
                  | Orb.
     0 | D:1      | Reached XP level 1. HP: 12/12 MP: 1/1
   155 | D:1      | Reached XP level 2. HP: 17/17 MP: 2/2
   441 | D:1      | Reached XP level 3. HP: 19/21 MP: 3/3
   745 | D:2      | Reached XP level 4. HP: 26/26 MP: 4/4
   803 | D:2      | Reached skill level 6 in Stealth
  2168 | D:3      | Noticed Ijyb
  2172 | D:3      | Killed Ijyb
  2173 | D:3      | Reached skill level 5 in Short Blades
  2173 | D:3      | Reached XP level 5. HP: 30/30 MP: 5/5
  2861 | D:4      | Noticed a steam dragon
  2865 | D:4      | Killed a steam dragon
  2866 | D:4      | Reached XP level 6. HP: 35/35 MP: 6/6
  2970 | D:4      | Noticed an ogre
  2989 | D:4      | Killed an ogre
  2990 | D:4      | Reached skill level 7 in Stealth
  2990 | D:4      | Reached XP level 7. HP: 40/40 MP: 7/7
  3141 | D:4      | Noticed Sigmund
  3148 | D:4      | Killed Sigmund
  3692 | D:5      | Entered Level 5 of the Dungeon
  3709 | D:5      | Reached skill level 5 in Throwing
  3709 | D:5      | Reached skill level 8 in Stealth
  3709 | D:5      | Reached XP level 8. HP: 44/44 MP: 8/8
  3713 | D:5      | Found a glowing drain.
  3770 | D:5      | Found a staircase to the Ecumenical Temple.
  3777 | Temple   | Entered the Ecumenical Temple
  3877 | Temple   | Became a worshipper of Dithmenos the Shadowed
  3928 | Sewer    | Entered a sewer
  4435 | D:5      | You fall into a shaft and drop 1 floor!
  4758 | D:5      | Reached skill level 9 in Stealth
  5028 | D:6      | Reached skill level 10 in Short Blades
  5028 | D:6      | Reached XP level 9. HP: 48/48 MP: 9/9
  5063 | D:6      | Reached * piety under Dithmenos
  5099 | D:6      | Reached skill level 1 in Necromancy
  5126 | D:6      | Found Xucs's Overcharged Wands.
  5242 | D:6      | Reached skill level 10 in Stealth
  5242 | D:6      | Reached skill level 1 in Invocations
  5688 | D:7      | Noticed Joseph
  5779 | D:7      | Reached skill level 11 in Stealth
  5802 | D:7      | Noticed Pikel
  5844 | D:7      | Killed Pikel
  5845 | D:7      | Reached XP level 10. HP: 35/56 MP: 11/13
  5877 | D:7      | Found a shimmering blue altar of Sif Muna.
  5935 | D:7      | Reached skill level 5 in Necromancy
  5965 | D:7      | Reached ** piety under Dithmenos
  6074 | D:7      | Reached skill level 5 in Invocations
  6161 | D:7      | Found Zecos's Assorted Antiques.
  6166 | D:7      | Bought a jewelled leather armour for 182 gold pieces
  6166 | D:7      | Identified the +0 leather armour "Leippaiff" {rCorr Int+4}
                  | (You bought it in a shop on level 7 of the Dungeon)
  6246 | D:7      | Reached skill level 12 in Stealth
  6317 | D:7      | Killed Joseph
  6374 | D:7      | Found a basalt altar of Yredelemnul.
  6375 | D:7      | Found a broken altar of Ashenzari.
  6377 | D:7      | Found a bloodstained altar of Trog.
  6379 | D:7      | Found a burning altar of Makhleb.
  6379 | D:7      | Found a hazy altar of Hepliaklqana.
  6380 | D:7      | Found a sacrificial altar of Ru.
  7198 | D:8      | Reached skill level 13 in Stealth
  7268 | D:8      | Reached XP level 11. HP: 54/60 MP: 16/16
  7354 | D:8      | Reached *** piety under Dithmenos
  7766 | D:8      | Reached skill level 1 in Ranged Weapons
  8243 | D:9      | Found a snail-covered altar of Cheibriados.
  8252 | D:9      | Found Cheibriados's Comfort Zone.
  8338 | D:9      | Reached skill level 14 in Stealth
  8474 | D:9      | Reached **** piety under Dithmenos
  8667 | D:9      | Identified the ring "Luask" {rPois AC+4}
  8948 | D:9      | Found a staircase to the Lair.
  9172 | D:9      | Noticed Grum
  9211 | D:9      | Killed Grum
  9348 | D:10     | Entered Level 10 of the Dungeon
  9348 | D:10     | Found a transporter.
  9348 | D:10     | Found a transporter.
 10035 | D:10     | Noticed a two-headed ogre
 10040 | D:10     | Killed a two-headed ogre
 10197 | D:10     | Noticed Amaemon
 10287 | D:10     | Killed Amaemon
 10288 | D:10     | Reached XP level 12. HP: 54/64 MP: 17/17
 10573 | Lair:1   | Entered Level 1 of the Lair of Beasts
 10914 | Lair:1   | Reached skill level 1 in Shields
 11264 | Lair:1   | Noticed an eight-headed hydra
 11305 | Lair:1   | Found a runed translucent gate.
 11306 | Lair:1   | Found a runed translucent gate.
 11307 | Lair:1   | Found a runed translucent gate.
 11451 | Lair:1   | Noticed mnelsen79's ghost (journeyman MiBe)
 11619 | Lair:2   | Noticed Sonja
 11625 | Lair:2   | Killed Sonja
 11637 | Lair:2   | Found a frozen archway.
 11643 | IceCv    | Entered an ice cave
 11763 | IceCv    | Noticed a death yak
 11966 | IceCv    | Noticed a death yak
 12098 | IceCv    | Killed a death yak
 12113 | IceCv    | Killed a death yak
 12233 | IceCv    | Reached ***** piety under Dithmenos
 12257 | IceCv    | Reached skill level 5 in Dodging
 12374 | IceCv    | Reached skill level 5 in Shields
 12467 | IceCv    | Reached XP level 13. HP: 68/68 MP: 18/18
 14085 | IceCv    | Noticed an ironbound frostheart
 14227 | IceCv    | Noticed an ironbound frostheart
 14284 | IceCv    | Killed an ironbound frostheart
 14305 | IceCv    | Killed an ironbound frostheart
 14428 | Lair:2   | Reached XP level 14. HP: 84/84 MP: 19/19
 14514 | Lair:2   | You fall into a shaft and drop 2 floors!
 15298 | Lair:2   | Found a staircase to the Snake Pit.
 15389 | Lair:2   | Found a staircase to the Swamp.
 15415 | Lair:2   | Found a broken altar of Ashenzari.
 15439 | Lair:2   | Identified a scroll of acquirement
 16150 | Lair:3   | Acquired a manual of Fighting
 16194 | Lair:3   | Reached ****** piety under Dithmenos
 16619 | Lair:3   | Identified the amulet "Supneerph" {Regen+ Str+3 Int+2}
 16726 | Lair:3   | Reached XP level 15. HP: 91/91 MP: 20/20
 17389 | Lair:4   | Found a staircase to the Slime Pits.
 17389 | Lair:4   | Found a viscous altar of Jiyva.
 17583 | Lair:4   | Reached skill level 10 in Fighting
 17933 | Lair:4   | Found a runed translucent door.
 17934 | Lair:4   | Identified the +7 trident of the Snake Pit {flame, rC+}
 17936 | Lair:4   | Noticed Hiywul's ghost (journeyman MiHu)
 18125 | Lair:5   | Entered Level 5 of the Lair of Beasts
 18414 | Lair:5   | Reached skill level 15 in Stealth
 19020 | Lair:5   | Reached skill level 10 in Necromancy
 19154 | Lair:5   | Reached skill level 10 in Invocations
 19962 | Lair:5   | Learned a level 3 spell: Swiftness
 19965 | Lair:5   | Learned a level 2 spell: Blink
 19969 | Lair:5   | Learned a level 3 spell: Frozen Ramparts
 19973 | Lair:5   | Learned a level 3 spell: Ozocubu's Armour
 20518 | D:11     | Reached skill level 1 in Air Magic
 20985 | D:11     | Found a staircase to the Orcish Mines.
 21176 | Orc:1    | Entered Level 1 of the Orcish Mines
 21231 | Orc:1    | Reached XP level 16. HP: 101/101 MP: 24/24
 21641 | Orc:2    | Entered Level 2 of the Orcish Mines
 21802 | Orc:1    | Reached skill level 16 in Stealth
 22317 | Orc:2    | Found a staircase to the Elven Halls.
 22548 | Orc:1    | Reached skill level 1 in Spellcasting
 22935 | Orc:2    | Found Xosiclul's Antique Weapon Emporium.
 22936 | Orc:2    | Found Leczaor's Assorted Antiques.
 22949 | Orc:2    | Found Lexoval's Book Boutique.
 23237 | Orc:2    | Found Guritheawn's Jewellery Emporium.
 23371 | Orc:2    | Learned a level 4 spell: Anguish
 23769 | Orc:2    | Bought the ring "Fukh" {Fly Will+ MP+9 Dex+2} for 851 gold
                  | pieces
 24284 | D:12     | Identified the +8 scale mail of Incorporation {Int+3 Dex+4}
 24828 | D:13     | Noticed Josephine
 24863 | D:13     | Killed Josephine
 24905 | D:13     | Noticed Lodul
 24926 | D:13     | Killed Lodul
 25103 | D:13     | Reached skill level 5 in Spellcasting
 25103 | D:13     | Reached skill level 1 in Evocations
 25163 | D:13     | Found Ecseor's Jewellery Shop.
 25325 | D:13     | Noticed Azrael
 25325 | D:13     | Found a gate to the Vaults.
 25455 | D:13     | Found Zadoaschi's Antique Weapon Shop.
 26012 | D:13     | Reached skill level 17 in Stealth
 26318 | D:14     | Found an iron altar of Okawaru.
 26379 | D:14     | Learned a level 2 spell: Passwall
 26473 | D:14     | Reached skill level 5 in Evocations
 26750 | D:14     | Learned a level 4 spell: Cause Fear
 26765 | D:15     | Entered Level 15 of the Dungeon
 26831 | D:15     | Found a shadowy altar of Dithmenos.
 26844 | D:15     | Acquired 1144 gold pieces
 26857 | D:15     | Reached XP level 17. HP: 112/112 MP: 26/26
 27054 | D:15     | Found Nishrel's Assorted Antiques.
 27057 | D:15     | Bought a potion of heal wounds for 125 gold pieces
 27057 | D:15     | Bought a potion of heal wounds for 125 gold pieces
 27057 | D:15     | Bought a potion of haste for 250 gold pieces
 27093 | D:15     | Found a hide-covered altar of Uskayaw.
 27172 | D:15     | Reached skill level 1 in Translocations
 27709 | D:15     | Reached skill level 15 in Fighting
 27840 | D:15     | Paralysed by a great orb of eyes for 4 turns
 27929 | D:15     | Found a staircase to the Depths.
 28454 | Swamp:1  | Entered Level 1 of the Swamp
 28519 | Snake:1  | Entered Level 1 of the Snake Pit
 28580 | Snake:1  | Reached skill level 1 in Earth Magic
 28898 | Snake:1  | Reached skill level 1 in Transmutations
 28969 | Snake:1  | Got the Atlas of the Crypt
 29291 | Snake:1  | Found a white marble altar of Elyvilon.
 29960 | Snake:2  | Found a runed translucent gate.
 29961 | Snake:2  | Found a runed translucent gate.
 29961 | Snake:2  | Found a runed translucent gate.
 30755 | Swamp:1  | Reached skill level 10 in Evocations
 31271 | Snake:3  | Noticed Vashnia
 31273 | Snake:3  | Killed Vashnia
 31274 | Snake:3  | Reached skill level 5 in Air Magic
 31325 | Snake:3  | Reached XP level 18. HP: 120/120 MP: 27/27
 31390 | Snake:3  | Reached skill level 1 in Ice Magic
 33046 | Snake:3  | Noticed Aizul
 33089 | Snake:3  | Killed Aizul
 33537 | Snake:3  | Noticed Mara
 33565 | Snake:3  | Killed Mara
 33613 | Snake:4  | Entered Level 4 of the Snake Pit
 33635 | Snake:4  | Noticed Nikola
 33683 | Snake:4  | Reached skill level 5 in Ice Magic
 34816 | Snake:4  | Reached skill level 18 in Stealth
 34944 | Snake:4  | Killed Nikola
 35054 | Snake:4  | Noticed Saint Roka
 35461 | Snake:4  | Killed Saint Roka
 35790 | Snake:4  | Reached skill level 1 in Hexes
 35804 | Snake:4  | Reached XP level 19. HP: 89/120 MP: 28/28
 36323 | Snake:4  | Got a serpentine rune of Zot
 37581 | Swamp:1  | Reached skill level 5 in Hexes
 37719 | Swamp:1  | Reached skill level 15 in Evocations
 38066 | Swamp:2  | Reached skill level 19 in Stealth
 39190 | Swamp:3  | Noticed Jorgrun
 39277 | Swamp:3  | Killed from afar by Jorgrun

Illustrated notes

Levels and vault maps discovered:
D:1:      doesnt_arrival_eight_statues, layout_rooms
D:2:      layout_basic, palyth_stone_intersect
D:3:      layout_basic, uniq_ijyb
D:4:      layout_loops_ring, kennysheep_donut, minmay_mini_ossuary, uniq_sigmund
D:5:      wad_pebble_path, layout_basic, temple_green, portal_sewer_entry_b
D:6:      layout_rooms, nicolae_shop_overcharged_wands
D:7:      layout_cave_pools, grunt_temple_overflow_open, serial_shops, shop,
          kennysheep_big_empty_room, uniq_joseph, uniq_pikel
D:8:      layout_loops_ring, kennysheep_dice
D:9:      layout_long_grid, dpeg_oklobed_lair, minmay_shop_chei,
          minmay_variable_closet, st_stairs_10, uniq_grum
D:10:     cheibrodos_steamvent, layout_irregular_city, nicolae_diode_stairs,
          uniq_amaemon
D:11:     layout_gridville, orc_0_dummy
D:12:     layout_cave_pools
D:13:     layout_roguey, david_vaults_2, serial_shops, shop,
          nicolae_shop_behind_doors, uniq_azrael, uniq_lodul, uniq_josephine
D:14:     layout_basic, okawaru_trees_2
D:15:     gammafunk_enter_depths_forms, layout_irregular_city, serial_shops,
          nicolae_shop_real_fake_doors, nicolae_uskayaw_en_pointe,
          ebering_dispersal_statue_hall, grunt_dithmenos_smoke_and_mirrors
Temple:   regret_index_temple_waves
Lair:1:   layout_regular_city, gammafunk_ghost_split
Lair:2:   layout_hall_layers, skrybe_swamp_entry_bodies,
          nicolae_snake_entry_warm_welcome, portal_ice_cave_entry_pillars_1,
          basic_altar, chequers_serial_rivers_micro_c,
          infiniplex_staircase_pool_2, uniq_sonja
Lair:3:   nzn_winding_woodlands_small [nzn_winding_woodlands_5x15_sawtooth,
          nzn_winding_woodlands_center_diamonds,
          nzn_winding_woodlands_5x15_river_crossing], layout_small_grid
Lair:4:   beargit_carnivore_pack, layout_big_grid, minmay_slime_entry_pillars,
          ebering_ghost_funeral_grove
Lair:5:   evilmike_catoblepas_cave, layout_loops_ring,
          nicolae_lair_run_with_the_wolves
Swamp:1:  layout_basic_swamp, hangedman_swamp_pad, infiniplex_staircase_pool
Swamp:2:  layout_basic_swamp, serial_swamp_ruin, evilmike_swamp_ruin_rubble_2,
          evilmike_swamp_ruin_house_4, evilmike_swamp_ruin_house_1
Swamp:3:  layout_falls_marsh, evilmike_swamp_ruin_house_2, swamp_pool2,
          uniq_jorgrun
Snake:1:  layout_rooms, drop_trap, lemuel_oklob_altar, grunt_megastairs_5
Snake:2:  layout_gridlike, gammafunk_ghost_necromancy, nicolae_large_snake_swirl
Snake:3:  layout_misc_corridors, uniq_aizul, uniq_mara, uniq_vashnia
Snake:4:  snake_pit_salamanders_mu, layout_gridlike, serial_bayou_pond_e,
          serial_bayou_shore_b, uniq_saint_roka, uniq_nikola
Orc:1:    layout_diamond_mine, minmay_orc_barracks
Orc:2:    st_orc_open, layout_caves

Skill      XL: |  1  2  3  4  5  6  7  8  9 10 11 12 13 14 15 16 17 18 19 |
---------------+----------------------------------------------------------+-----
Short Blades   | 3 4 5 6 8 10 12 14 | 14.0
Throwing       | 3 4 5 6 |  6.0
Stealth        | 6 7 8 9 11 13 14 15 17 18 19 | 19.4
Necromancy     | 4 6 8 9 10 | 10.4
Fighting       | 3 8 9 12 14 16 | 16.0
Invocations    | 4 6 7 11 12 | 12.0
Ranged Weapons | 2 |  2.7
Dodging        | 3 5 7 9 |  9.0
Shields        | 5 7 9 |  9.0
Air Magic      | 1 3 5 |  5.0
Spellcasting   | 5 6 |  6.0
Evocations     | 5 11 13 15 | 15.0
Translocations | 3 |  3.0
Earth Magic    | 3 |  3.0
Transmutations | 3 |  3.0
Ice Magic      | 6 |  6.0
Hexes          | 1 7 |  7.4

Action                     |  1- 3 |  4- 6 |  7- 9 | 10-12 | 13-15 | 16-18 | 19-21 || total
---------------------------+-------+-------+-------+-------+-------+-------+-------++-------
  Melee: Dagger            |    55 |    47 |    70 |   129 |   484 |  1028 |   141 ||  1954
         Punch             |     1 |     2 |     6 |    13 |       |       |       ||    22
         Short sword       |       |    38 |   210 |   824 |   586 |   883 |       ||  2541
         Rapier            |       |       |       |       |       |    58 |   280 ||   338
   Fire: Sling             |       |       |       |    22 |     2 |       |       ||    24
  Throw: Dart              |       |     2 |     9 |    22 |    22 |    98 |     7 ||   160
         Throwing net      |       |       |       |     3 |     2 |     1 |       ||     6
   Cast: Anguish           |       |       |       |       |       |       |     2 ||     2
         Frozen Ramparts   |       |       |       |       |       |       |     1 ||     1
 Invoke: Shadow Step       |       |       |       |       |     2 |     8 |     2 ||    12
         Shadow Form       |       |       |       |       |       |     1 |       ||     1
Ability: Evoke Invisibilit |       |       |       |       |       |     3 |     5 ||     8
         End Transformatio |       |       |       |       |       |     1 |       ||     1
  Evoke: Wand              |       |       |     1 |     1 |     6 |    13 |     1 ||    22
         Condenser vane    |       |       |       |       |       |     1 |       ||     1
         Phial of floods   |       |       |       |       |       |     1 |       ||     1
         Lightning rod     |       |       |       |       |       |       |     2 ||     2
    Use: Scroll            |       |     8 |     7 |     6 |    10 |     5 |     2 ||    38
         Potion            |       |       |       |       |     3 |    12 |     1 ||    16
   Stab: Sleeping          |    15 |    30 |    27 |    43 |    67 |   116 |    36 ||   334
         Distracted        |     1 |     1 |     1 |     3 |     8 |    23 |    10 ||    47
         Held in net/web   |       |       |       |     4 |     1 |       |       ||     5
         Invisible         |       |       |       |       |     1 |    33 |     8 ||    42
 Armour: Robe              |     7 |     4 |       |       |       |       |       ||    11
         Steam dragon scal |       |     1 |    51 |   126 |   110 |   227 |    11 ||   526
         Leather armour    |       |       |       |    42 |    40 |       |    54 ||   136
  Dodge: Dodged            |    32 |    20 |   133 |   515 |   609 |  1260 |   254 ||  2823
  Block: Buckler           |       |       |       |    53 |   270 |   553 |   105 ||   981
